 Dungeon Crawl Stone Soup version 0.30-a0-253-g6b895097cc (webtiles) character file.

Game seed: 18295132964873078957

16279 Ijustatesigmund the Fighter (level 12, -4/82 HPs)
             Began as a Gargoyle Fighter on Oct 12, 2022.
             Was a Believer of Cheibriados.
             Slain by a large slime creature (15 damage)
             ... on level 13 of the Dungeon on Oct 13, 2022.
             The game lasted 00:28:29 (15577 turns).

Ijustatesigmund the Fighter (Gargoyle Fighter)     Turns: 15577, Time: 00:28:29

Health: -4/82      AC: 31    Str: 29    XL:     12   Next: 35%
Magic:  16/16      EV: 14    Int: 13    God:    Cheibriados [**....]
Gold:   656        SH:  6    Dex: 14    Spells: 11/11 levels left

rFire   . . .      SeeInvis .    a - +4 flail (protect)
rCold   . . .      Faith    .    c - +1 buckler
rNeg    + . .      Spirit   .    b - +0 acid dragon scales
rPois   ∞          Reflect  .    w - +2 hat
rElec   +          Harm     .    j - +0 cloak
rCorr   +          Rampage  .    d - +0 pair of gloves
Will    +....                    h - +2 pair of boots of Spite {rPois Will+}
Stlth   ++........               (no amulet)
HPRegen 0.33/turn                (no ring)
MPRegen 0.15/turn                (no ring)

@: mighty, under a protective aura, very slow
A: sickness immunity, AC +8, negative energy resistance 1, electricity
resistance, torment resistance 1, petrification resistance, camouflage 1, dopey
1, wild magic 1
a: Renounce Religion, Bend Time


You were on level 13 of the Dungeon.
You worshipped Cheibriados.
Cheibriados was pleased with you.
You visited 2 branches of the dungeon, and saw 14 of its levels.
You also visited: Ossuary.

You collected 933 gold pieces.
You spent 277 gold pieces at shops.

Inventory:

Hand Weapons
 a - a +4 flail of protection (weapon)
 t - the +8 frozen axe "Frostbite" {freezing cloud, *Noise Fly rC+}
   (You found it on level 7 of the Dungeon)

   It freezes those it strikes, dealing additional cold damage.
   It can also slow down cold-blooded creatures.
   It occasionally leaves clouds of freezing vapour upon striking a foe.
   It grants immunity to clouds of freezing vapour.
   rC:        It protects you from cold.
   Fly:       It grants you flight.
   *Noise:    It may make noises in combat.
Missiles
 B - 4 throwing nets (quivered)
Armour
 b - +0 acid dragon scales (worn)
 c - a +1 buckler (worn)
 d - a +0 pair of gloves (worn)
 h - the +2 pair of boots of Spite (worn) {rPois Will+}
   (You acquired it on level 4 of the Dungeon)

   rPois:     It protects you from poison.
   Will:      It increases your willpower.
 j - a +0 cloak (worn)
 w - a +2 hat (worn)
Jewellery
 C - a ring of ice
 E - an amulet of magic regeneration
Wands
 l - a wand of flame (4)
 m - a wand of iceblast (7)
 s - a wand of polymorph (12)
Scrolls
 e - 2 scrolls of magic mapping
 i - 2 scrolls of identify
 k - a scroll of teleportation
 o - 3 scrolls of enchant armour
 p - 5 scrolls of amnesia
 q - 4 scrolls of immolation
Potions
 f - 5 potions of curing
 g - a potion of brilliance
 n - a potion of cancellation
 r - 2 potions of resistance
 v - 2 potions of ambrosia
 z - 3 potions of magic


   Skills:
 + Level 12.3 Fighting
 + Level 11.1 Maces & Flails
 - Level 6.4 Armour
 + Level 6.3 Dodging
 - Level 5.9 Shields
 + Level 6.2 Invocations
 - Level 4.2 Evocations


You had 11 spell levels left.
You didn't know any spells.
Your spell library contained the following spells:

 Spells                   Type           Power      Damage    Failure   Level
 Shock                    Conj/Air       0%         1d3       52%         1
 Static Discharge         Conj/Air       0%         2-2/arc   65%         2
 Gell's Gravitas          Tloc           0%         N/A       86%         3
 Swiftness                Air            0%         N/A       86%         3
 Teleport Other           Tloc           0%         N/A       86%         3
 Vhi's Electric Charge    Tloc/Air       0%         N/A       86%         3
 Airstrike                Air            0%         2d(0-16)  99%         4
 Dispel Undead            Necr           0%         3d6       99%         4
 Manifold Assault         Tloc           0%         N/A       99%         4
 Arcjolt                  Conj/Air       0%         1d10      100%        5
 Freezing Cloud           Conj/Ice/Air   0%         6-21      100%        5
 Lightning Bolt           Conj/Air       0%         1d11      100%        5
 Summon Forest            Summ/Tloc      0%         N/A       100%        5
 Summon Mana Viper        Hex/Summ       0%         N/A       100%        5
 Yara's Violent Unravell  Hex/Tmut       0%         3d3       100%        5
 Death Channel            Necr           0%         N/A       100%        6
 Dispersal                Tloc           0%         N/A       100%        6
 Simulacrum               Ice/Necr       0%         N/A       100%        6
 Summon Cactus Giant      Summ           0%         N/A       100%        6
 Enfeeble                 Hex            0%         N/A       100%        7
 Disjunction              Tloc           0%         N/A       100%        8
 Polar Vortex             Ice            0%         N/A       100%        9
 Cigotuvi's Dreadful Rot  Necr/Pois/Air  Unusable   N/A       N/A         2

Dungeon Overview and Level Annotations

Branches:
Dungeon (13/15)            Temple (1/1) D:7            Lair (0/5) D:11
Ossuary (visited)
    Orc: D:9-12      Vaults: D:13-14

Altars:
Ashenzari
Cheibriados
Dithmenos
Elyvilon
Fedhas
Gozag
Hepliaklqana
Kikubaaqudgha
Makhleb
Nemelex Xobeh
Okawaru
Qazlal
Ru
Sif Muna
Trog
Uskayaw
Vehumet
Wu Jian
Xom
Yredelemnul
Zin
The Shining One

Shops:
D:2 *   D:4 *   D:11 (


Innate Abilities, Weirdness & Mutations

You are immune to sickness and miasma.
Your stone body is resilient. (AC +8)
You are immune to poison.
You resist negative energy. (rN+)
You are resistant to electric shocks. (rElec)
You are resistant to unholy torment.
You are immune to petrification.
Your skin changes colour to match your surroundings (Stealth+).
You are dopey. (Int -2)
Your spells are a little harder to cast, but a little more powerful.


Message History

You are too injured to fight recklessly!
You are too injured to fight recklessly!
You are too injured to fight recklessly!
You are too injured to fight recklessly!
You are too injured to fight recklessly!
You are too injured to fight recklessly!
You are too injured to fight recklessly!
You are too injured to fight recklessly!
You hit the komodo dragon but do no damage.
The komodo dragon is almost dead.
You hit the komodo dragon.
The komodo dragon is almost dead.
The komodo dragon barely misses you.
You thump the komodo dragon!
You kill the komodo dragon!
Cheibriados appreciates the change of pace.
You start resting.
HP restored.
(D) Dungeon (T) Temple (L) Lair
Where to? (Enter - D:12, ? - help)
There is a stone staircase leading up here.
You climb upwards.
The enormous slime creature hits you!!
There is a stone staircase leading down here.
An enormous slime creature splits.
You climb downwards.
There is a stone staircase leading up here.
You feel very mighty all of a sudden. The large slime creature hits you!
The large slime creature misses you.
You sock the large slime creature!
Your weapon exudes an aura of protection.
The large slime creature is lightly wounded.
The large slime creature hits you!
You sock the large slime creature!
The large slime creature is lightly wounded.
The large slime creature hits you!
* * * LOW HITPOINT WARNING * * *
The large slime creature completely misses you.
As you read the scroll of summoning, it crumbles to dust.
Wisps of shadow whirl around you... The large slime creature hits you!
You die...

...########
........J@#
######c#J#
#.......#y########
#.#######.........
#.........
#..y......
###.########
#..........
#.#.#######


You could see 2 large slime creatures, a friendly centaur warrior (summoned,
wandering) and 2 friendly vampire mosquitoes.

Vanquished Creatures
  Frances (D:12)
  Fannar (D:11)
  Harold (D:11)
  A boulder beetle (D:11)
  A two-headed ogre (D:12)
  2 ugly things
  A manticore (D:11)
  Joseph (D:7)
  A kobold demonologist (D:12)
  An unseen horror (D:11)
  3 komodo dragons
  3 freezing wraiths
  2 ice devils (D:7)
  2 trolls
  7 slime creatures (D:12)
  Sigmund (D:5)
  3 shadows
  3 yaks (D:12)
  A wraith (D:12)
  A wyvern (D:9)
  Eustachio (D:6)
  A steam dragon (D:8)
  Menkaure (D:7)
  An acid dragon (D:12)
  2 orc warriors
  4 water moccasins (D:7)
  An ice beast (D:6)
  A sky beast (D:7)
  A black bear (D:7)
  3 ogres
  5 centaurs
  2 phantoms
  An elf zombie (Ossuary)
  3 bullfrogs
  4 kobold brigands
  2 gnoll sergeants
  4 scorpions
  14 wights
  10 killer bees
  5 howler monkeys
  2 crimson imps (D:6)
  8 hounds
  3 jellies
  8 orc priests
  Crazy Yiuf (D:2)
  3 iguanas
  Terence (D:3)
  3 orc wizards
  A hound zombie (Ossuary)
  4 mummies (Ossuary)
  10 adders
  16 gnolls
  9 white imps
  2 ufetubi (D:5)
  A worm (D:2)
  2 dart slugs (D:1)
  23 orcs
  7 endoplasms
  3 giant cockroaches
  17 hobgoblins
  4 jackals (D:3)
  A quokka (D:3)
  17 ball pythons
  9 bats
  3 frilled lizards
  10 goblins
  2 goblin zombies (Ossuary)
  2 hobgoblin zombies (Ossuary)
  A jackal zombie (Ossuary)
  61 kobolds
  3 kobold zombies (Ossuary)
  An orc zombie (Ossuary)
  4 rats
  A rat zombie (Ossuary)
  A spectral orc (D:8)
347 creatures vanquished.

Vanquished Creatures (others)
  3 fungi
  5 plants
8 creatures vanquished.

Grand Total: 355 creatures vanquished

Notes
Turn   | Place    | Note
-------+----------+-------------------------------------------
     0 | D:1      | Ijustatesigmund the Gargoyle Fighter began the quest for
                  | the Orb.
     0 | D:1      | Reached XP level 1. HP: 14/14 MP: 1/1
   202 | D:1      | Reached XP level 2. HP: 19/19 MP: 2/2
   451 | D:1      | Reached XP level 3. HP: 24/24 MP: 3/3
   454 | D:1      | Reached skill level 4 in Fighting
   968 | D:2      | Reached XP level 4. HP: 21/30 MP: 4/4
  1193 | D:2      | Found Wimimnih's Assorted Antiques.
  1199 | D:2      | Bought a scroll labelled YSHUNGOIDO for 25 gold pieces
  1199 | D:2      | Bought a scroll labelled EGE RYPIUS for 25 gold pieces
  1199 | D:2      | Bought a bubbling green potion for 22 gold pieces
  1598 | D:2      | Found a runed translucent door.
  1599 | D:2      | Noticed Crazy Yiuf
  1607 | D:2      | Killed Crazy Yiuf
  1718 | D:3      | Found a sparkling altar of Nemelex Xobeh.
  1827 | D:3      | Reached XP level 5. HP: 33/34 MP: 5/5
  1835 | D:3      | Reached skill level 5 in Fighting
  2035 | D:3      | Noticed an ogre
  2041 | D:3      | Killed an ogre
  2042 | D:3      | Reached XP level 6. HP: 28/40 MP: 6/6
  2331 | D:3      | Noticed Terence
  2381 | D:3      | Killed Terence
  2817 | D:3      | Gained mutation: Your muscles are strong. (Str +4, Int/Dex
                  | -1) [potion of mutation]
  2817 | D:3      | Gained mutation: You are dopey. (Int -2) [potion of
                  | mutation]
  2817 | D:3      | Gained mutation: You are frail. (-10% HP) [potion of
                  | mutation]
  2817 | D:3      | Gained mutation: Your spells are a little harder to cast,
                  | but a little more powerful. [potion of mutation]
  3060 | D:3      | Reached skill level 6 in Fighting
  3060 | D:3      | Reached XP level 7. HP: 27/41 MP: 7/7
  3069 | D:3      | Reached skill level 5 in Maces & Flails
  4039 | D:2      | Bought a pair of runed boots for 187 gold pieces
  4314 | D:4      | Found Tetymieb's Assorted Antiques.
  4344 | D:4      | Identified a scroll of acquirement
  4344 | D:4      | Acquired the +2 pair of boots of Spite {rPois Will+}
  4983 | D:4      | Bought a fuming puce potion for 18 gold pieces
  5047 | D:5      | Entered Level 5 of the Dungeon
  5086 | D:5      | Reached skill level 5 in Armour
  5206 | D:5      | Reached XP level 8. HP: 28/46 MP: 8/8
  5229 | D:5      | Reached skill level 7 in Fighting
  6075 | D:5      | Noticed Sigmund
  6092 | D:5      | Killed Sigmund
  6125 | D:5      | Found a glowing golden altar of the Shining One.
  6447 | D:6      | Reached skill level 8 in Fighting
  6485 | D:6      | Reached XP level 9. HP: 53/53 MP: 9/9
  6538 | D:6      | Noticed Eustachio
  6583 | D:6      | Killed Eustachio
  6683 | D:6      | Found a burning altar of Makhleb.
  7043 | D:6      | You fall into a shaft and drop 1 floor!
  7057 | D:7      | Reached skill level 5 in Shields
  7141 | D:6      | Found a shimmering altar of Xom.
  7142 | D:6      | Lost mutation: You are frail. (-10% HP) [potion of
                  | mutation]
  7142 | D:6      | Lost mutation: Your spells are a little harder to cast, but
                  | a little more powerful. [potion of mutation]
  7142 | D:6      | Lost mutation: Your muscles are strong. (Str +4, Int/Dex
                  | -1) [potion of mutation]
  7142 | D:6      | Gained mutation: You are frail. (-10% HP) [potion of
                  | mutation]
  7142 | D:6      | Gained mutation: Your magical capacity is low. (-10% MP)
                  | [potion of mutation]
  7297 | D:7      | Noticed an ice devil
  7297 | D:7      | Noticed an ice devil
  7299 | D:7      | Noticed a freezing wraith
  7300 | D:7      | Noticed a freezing wraith
  7301 | D:7      | Noticed Menkaure
  7523 | D:7      | Found a bloodstained altar of Trog.
  7927 | D:8      | Found a hazy altar of Hepliaklqana.
  7974 | D:8      | Reached skill level 9 in Fighting
  8104 | D:8      | Found a sand-covered staircase.
  8111 | Ossuary  | Entered an ossuary
  8433 | D:8      | Reached skill level 1 in Dodging
  8433 | D:8      | Reached skill level 1 in Evocations
  9013 | D:8      | Reached XP level 10. HP: 37/59 MP: 9/9
  9635 | D:9      | Found a hide-covered altar of Uskayaw.
  9790 | D:9      | Found an opulent altar of Gozag.
 10091 | D:7      | Found a staircase to the Ecumenical Temple.
 10135 | D:7      | Reached skill level 10 in Fighting
 10216 | D:7      | Noticed Joseph
 10245 | D:7      | Killed Joseph
 11093 | D:7      | Killed Menkaure
 11100 | D:7      | Found the +8 frozen axe "Frostbite" {freezing cloud, *Noise
                  | Fly rC+}
 11202 | Temple   | Entered the Ecumenical Temple
 11465 | Temple   | Became a worshipper of Cheibriados the Contemplative
 11541 | D:10     | Entered Level 10 of the Dungeon
 11550 | D:10     | Reached skill level 1 in Invocations
 11550 | D:10     | Reached XP level 11. HP: 65/65 MP: 10/10
 11814 | D:10     | Identified the +3 spear of the Moon {freeze, *Slow rF++
                  | rC+}
 11921 | D:10     | Lost mutation: Your magical capacity is low. (-10% MP)
                  | [potion of mutation]
 11921 | D:10     | Lost mutation: You are frail. (-10% HP) [potion of
                  | mutation]
 11921 | D:10     | Gained mutation: Your skin changes colour to match your
                  | surroundings (Stealth+). [potion of mutation]
 11921 | D:10     | Gained mutation: Your spells are a little harder to cast,
                  | but a little more powerful. [potion of mutation]
 12027 | D:10     | Found a stormy altar of Qazlal.
 12168 | D:10     | Reached * piety under Cheibriados
 12248 | D:10     | Reached skill level 11 in Fighting
 12313 | D:11     | Noticed Harold
 12331 | D:11     | Killed Harold
 12564 | D:11     | Reached skill level 10 in Maces & Flails
 12731 | D:11     | Noticed Fannar
 12744 | D:11     | Killed Fannar
 12839 | D:11     | Found a broken altar of Ashenzari.
 12986 | D:11     | Reached skill level 5 in Dodging
 12986 | D:11     | Upgraded the game from 0.30-a0-243-gaa749bd8e4 to
                  | 0.30-a0-253-g6b895097cc
 13014 | D:11     | Noticed a manticore
 13030 | D:11     | Killed a manticore
 13143 | D:11     | Found Jaut's Weapon Shoppe.
 13165 | D:11     | Noticed a boulder beetle
 13221 | D:11     | Killed a boulder beetle
 13410 | D:11     | Noticed a purple ugly thing
 13425 | D:11     | Killed a purple ugly thing
 13872 | D:11     | Found a staircase to the Lair.
 14228 | D:12     | Reached skill level 5 in Invocations
 14237 | D:12     | Reached ** piety under Cheibriados
 14250 | D:12     | Reached XP level 12. HP: 53/81 MP: 15/15
 14466 | D:12     | Reached skill level 12 in Fighting
 14511 | D:12     | Noticed a two-headed ogre
 14524 | D:12     | Killed a two-headed ogre
 14585 | D:12     | Noticed Frances
 14868 | D:12     | Noticed a soul eater
 14886 | D:12     | HP: 4/81 [Frances/iron shot (43)]
 14888 | D:12     | Killed Frances
 15577 | D:13     | Slain by a large slime creature

Illustrated notes

Levels and vault maps discovered:
D:1:      saegor_arrival_simple_e, layout_loops_ring, hangedman_decor_growths,
          minmay_misc_feat_rows, minmay_indecisive_spiral
D:2:      layout_basic, serial_shops, shop_fountains, minmay_shallow_snake_nest,
          uniq_crazy_yiuf_cottage
D:3:      minmay_goblin_kobold_castle, layout_basic,
          mainiacjoe_overflow_surrounded_room,
          amcnicky_mini_rare_corridor_liquid, minmay_mini_jars, uniq_terence
D:4:      layout_basic, serial_shops, nicolae_inconvenience_store
D:5:      layout_basic, nicolae_tso_carved_into_rock, uniq_sigmund
D:6:      layout_basic, marbit_many_paths, led_xom_imps, corexii_checkpoint_a,
          uniq_eustachio
D:7:      layout_rooms, nicolae_overflow_crystal_walls,
          minmay_temple_entry_gardened_gates, serial_curves, eino_curves_04,
          eino_curves_02, hellmonk_guarded_unrand_frostbite, uniq_menkaure,
          uniq_joseph
D:8:      layout_loops_ring, nicolae_hepliaklqana_monster_ancestors,
          lightli_ossuary_entry_decrepit_ruins, blue_anna_alchemist
D:9:      layout_rooms, eat_drink_and_be_merry_uskayaw,
          mainiacjoe_overflow_small_starburst, serial_park_tiny_2
D:10:     layout_rooms, nicolae_qazlal_style_of_elements, columned_hall_lemuel
D:11:     layout_layer_cave, grunt_lair_entry_orc_guard_hut, serial_shops,
          nicolae_shop_hallway_stairs, minivault_21,
          ashenzari_conservatory_becter, uniq_fannar, uniq_harold
D:12:     layout_basic, orc_0_dummy, uniq_frances
D:13:     layout_basic, david_vaults_2, gammafunk_ghost_crypt
Temple:   oiseaux_autumnal_temple

Skill      XL: |  1  2  3  4  5  6  7  8  9 10 11 12 |
---------------+-------------------------------------+-----
Fighting       | 4 5 6 8 9 10 11 12 | 12.3
Maces & Flails | 3 4 5 7 8 9 10 11 | 11.1
Armour         | 4 5 6 |  6.4
Shields        | 4 5 |  5.9
Dodging        | 1 4 5 6 |  6.3
Evocations     | 1 4 |  4.2
Invocations    | 1 5 6 |  6.2

Action                   |  1- 3 |  4- 6 |  7- 9 | 10-12 || total
-------------------------+-------+-------+-------+-------++-------
Melee: Flail             |   158 |   286 |   672 |   645 ||  1761
Invok: Bend Time         |       |       |       |     2 ||     2
Evoke: Wand              |       |       |       |    11 ||    11
  Use: Scroll            |       |     7 |     9 |    17 ||    33
       Potion            |       |     7 |     9 |    14 ||    30
 Stab: Sleeping          |       |       |       |     2 ||     2
Armor: Scale mail        |    94 |   225 |   529 |       ||   848
       Steam dragon scal |       |       |     5 |   409 ||   414
       Acid dragon scale |       |       |       |    25 ||    25
Dodge: Dodged            |    93 |   200 |   352 |   392 ||  1037
Block: Buckler           |    30 |   100 |   214 |   210 ||   554

Table legend: (Time is in decaauts)
 A = Elapsed time spent in this place.
 B = Non-inter-level travel time spent in this place.
 C = Inter-level travel time spent in this place.
 D = Time resting spent in this place.
 E = Time spent auto-exploring this place.
 F = Levels seen in this place.
 G = Mean time per level.
                   A        B        C        D        E       F      G
               +--------+--------+--------+--------+--------+-----+--------+
         Total |  16517 |  15729 |    788 |   3565 |   8775 |  15 | 1101.1 |
       Dungeon |  16008 |  15277 |    731 |   3565 |   8447 |  13 | 1231.4 |
        Temple |    307 |    250 |     57 |      0 |    237 |   1 |  307.0 |
       Ossuary |    201 |    201 |      0 |      0 |     90 |   1 |  201.0 |
               +--------+--------+--------+--------+--------+-----+--------+

Top non-repeatable levels by time:
     D:3: 2463 daAuts
    D:11: 2022 daAuts
     D:7: 1683 daAuts
    D:12: 1510 daAuts
     D:8: 1201 daAuts
     D:5: 1142 daAuts
     D:4: 1122 daAuts
     D:9: 1014 daAuts
    D:10: 946 daAuts
     D:1: 921 daAuts
     D:2: 889 daAuts
     D:6: 834 daAuts
  Temple: 307 daAuts
    D:13: 255 daAuts
 Ossuary: 201 daAuts
